 Dungeon Crawl Stone Soup version 0.29.1-15-g9cfb28693d (webtiles) character file.

Game seed: 5894590633070318946

518 HOAXBANE2 the Covert (level 7, -1/32 HPs)
             Began as a Spriggan Artificer on Mar 18, 2023.
             Slain by a gnoll
             ... wielding a +0 halberd
             ... led by a gnoll sergeant
              (9 damage)
             ... on level 5 of the Dungeon.
             The game lasted 00:44:09 (7212 turns).

HOAXBANE2 the Covert (Spriggan Artificer)           Turns: 7212, Time: 00:44:09

Health: -1/32      AC:  3    Str:  8    XL:     7   Next: 1%
Magic:  21/23      EV: 18    Int: 14    God:
Gold:   174        SH:  0    Dex: 20    Spells: 12/14 levels left

rFire   . . .      SeeInvis +   g - +1 dagger (speed)
rCold   . . .      Faith    .   (no shield)
rNeg    . . .      Spirit   .   q - +1 robe of the Thunderstorm {Dex+4}
rPois   .          Reflect  .   (helmet restricted)
rElec   .          Harm     .   (no cloak)
rCorr   .          Rampage  .   (gloves unavailable)
Will    +....                   (boots unavailable)
Stlth   ++++......              (no amulet)
HPRegen 0.10/turn               c - ring of magical power
MPRegen 0.18/turn               (no ring)

@: wereblooded, very quick
A: very small, no large weapons, unfitting armour, see invisible, speed 3
a: no special abilities


You were on level 5 of the Dungeon.
You visited 1 branch of the dungeon, and saw 6 of its levels.

You collected 174 gold pieces.

Inventory:

Hand Weapons
 g - a +1 dagger of speed (weapon)
 s - a +0 sling
 x - a +1 vampiric short sword
 y - a +0 short sword of chaos
Missiles
 r - 3 poisoned darts (quivered)
Armour
 q - the +1 robe of the Thunderstorm (worn) {Dex+4}
   (You found it on level 3 of the Dungeon)

   Dex:       It affects your dexterity (+4).
Magical Staves
 h - a staff of fire
Jewellery
 c - a ring of magical power (left hand)
Wands
 d - a wand of charming (14)
 e - a wand of iceblast (5)
Scrolls
 a - 2 scrolls of brand weapon
 i - 2 scrolls of blinking
 l - a scroll of magic mapping
 n - a scroll of fear
 o - a scroll of teleportation
 t - 2 scrolls of vulnerability {unknown}
 z - a scroll of torment {unknown}
Potions
 b - a potion of might
 f - 3 potions of haste
 j - a potion of flight
 k - 2 potions of brilliance
 m - a potion of cancellation
 p - a potion of curing
 u - a potion of lignification {unknown}
 v - 2 potions of berserk rage {unknown}
 w - 2 potions of attraction {unknown}


   Skills:
 - Level 0.7 Fighting
 + Level 0.4 Short Blades
 - Level 3.2 Dodging
 - Level 8.0 Stealth
 - Level 4.0 Spellcasting
 - Level 4.0 Transmutations
 - Level 5.0 Evocations


You had 12 spell levels left.
You knew the following spells:

 Your Spells              Type           Power      Damage    Failure   Level
a - Wereblood             Tmut           14%        N/A       5%          2

Your spell library contained the following spells:

 Spells                   Type           Power      Damage    Failure   Level
 Sublimation of Blood     Necr           2%         N/A       28%         2
 Summon Hydra             Summ           1%         N/A       100%        7


Dungeon Overview and Level Annotations

Branches:
Dungeon (6/15)
 Temple: D:4-7

Altars:
Elyvilon
Nemelex Xobeh
Xom
The Shining One

Annotations:
D:6 Sigmund


Innate Abilities, Weirdness & Mutations

You are very small and have problems with some larger weapons.
You are too small for most types of armour.
You have supernaturally acute eyesight. (SInv)
You cover ground extremely quickly. (Speed+++)


Message History

Here: a gnoll, wielding a +0 spear The floor.
Unknown command.
You hit the gnoll but do no damage. You hit the gnoll.
The gnoll is moderately wounded.
The gnoll closely misses you.
You hit the gnoll.
The gnoll is heavily wounded.
The gnoll barely misses you.
You hit the gnoll.
The gnoll is severely wounded.
You hit the gnoll.
The gnoll is almost dead.
The gnoll hits you with a +0 spear.
You barely miss the gnoll.
The gnoll is almost dead.
The gnoll hits you with a +0 spear.
You closely miss the gnoll.
The gnoll is almost dead.
Casting: Wereblood (safe; 5% risk of failure)
Confirm with . or Enter, or press ? or * to list all spells.
Your blood is infused with primal strength.
The gnoll hits you with a +0 spear.
You hit the gnoll.
You feel a bit better.
You kill the gnoll!
You have reached level 7!
You climb downwards.
You howl as the wereblood boils in your veins!
You hear a shout! x2
There is a stone staircase leading up here.
You howl as the wereblood boils in your veins!
You howl as the wereblood boils in your veins!
The gnoll hits you from afar with a +0 halberd!
Ouch! That really hurt!
* * * LOW HITPOINT WARNING * * *
The gnoll misses you.
There is a stone staircase leading up here.
The gnoll hits you with a +0 halberd!
You die... ... .gg

.... #g# ##
.....##.##.
#.
...........
#. #.# #.
#.# #.
########g#
#.######
#....g.g.###
#...@gg#
#.########..
######.###.#
#.. #.....#
#.# #######
#.. #.# #..
###


You could see 2 gnolls.

Vanquished Creatures
  An ice beast (D:6)
  A phantom (D:4)
  A gnoll sergeant (D:4)
  A jelly (D:4)
  An iguana (D:6)
  Natasha (thrice) (D:2)
  4 gnolls
  An adder (D:2)
  A white imp (D:5)
  A worm (D:4)
  2 dart slugs
  3 orcs
  5 ball pythons
  7 endoplasms
  5 giant cockroaches
  10 goblins
  7 hobgoblins
  9 jackals
  13 kobolds
  10 bats
  2 frilled lizards (D:3)
  3 rats
91 creatures vanquished.

Vanquished Creatures (collateral kills)
  2 orcs (D:5)
2 creatures vanquished.

Grand Total: 93 creatures vanquished

Notes
Turn   | Place    | Note
-------+----------+-------------------------------------------
     0 | D:1      | HOAXBANE2 the Spriggan Artificer began the quest for the
                  | Orb.
     0 | D:1      | Reached XP level 1. HP: 9/9 MP: 2/2
   133 | D:1      | Reached XP level 2. HP: 12/14 MP: 3/3
   465 | D:1      | Reached skill level 5 in Evocations
   705 | D:1      | Reached skill level 2 in Stealth
  1121 | D:1      | Reached skill level 3 in Stealth
  1637 | D:2      | Noticed Natasha
  1796 | D:2      | Reached XP level 3. HP: 17/17 MP: 4/4
  1826 | D:2      | Learned a level 2 spell: Wereblood
  1987 | D:2      | Reached skill level 4 in Stealth
  2013 | D:2      | Killed Natasha
  2014 | D:2      | Reached skill level 1 in Spellcasting
  2014 | D:2      | Reached skill level 1 in Transmutations
  2227 | D:2      | Noticed Natasha
  2236 | D:2      | Killed Natasha
  2237 | D:2      | Reached XP level 4. HP: 19/21 MP: 7/7
  2639 | D:2      | Noticed Natasha
  2647 | D:2      | Killed Natasha
  2922 | D:3      | You fall into a shaft and drop 3 floors!
  2925 | D:6      | Noticed an ice beast
  2930 | D:6      | Killed an ice beast
  2931 | D:6      | Reached XP level 5. HP: 25/25 MP: 8/11
  2969 | D:6      | Noticed a black bear
  2971 | D:6      | Noticed a sky beast
  3021 | D:6      | Noticed Sigmund
  3023 | D:5      | Entered Level 5 of the Dungeon
  3023 | D:5      | Noticed an ice beast
  4137 | D:2      | Reached XP level 6. HP: 23/29 MP: 13/13
  4268 | D:2      | Reached skill level 5 in Stealth
  4671 | D:3      | Identified the +1 robe of the Thunderstorm {Dex+4}
  4725 | D:3      | Found a white marble altar of Elyvilon.
  5282 | D:4      | Found a sparkling altar of Nemelex Xobeh.
  5410 | D:4      | Found a glowing golden altar of the Shining One.
  5586 | D:4      | Reached skill level 6 in Stealth
  5615 | D:4      | Reached skill level 7 in Stealth
  5732 | D:4      | Found a large runed translucent door.
  5733 | D:4      | Found a large runed translucent door.
  5733 | D:4      | Found a shimmering altar of Xom.
  6177 | D:4      | Found a glowing golden altar of the Shining One.
  6578 | D:4      | Found a sparkling altar of Nemelex Xobeh.
  7040 | D:4      | Reached skill level 8 in Stealth
  7204 | D:4      | Reached XP level 7. HP: 23/32 MP: 14/14
  7212 | D:5      | Slain by a gnoll

Illustrated notes

Levels and vault maps discovered:
D:1:      spicycebolla_arrival_ecumenical, layout_loops_corners
D:2:      layout_loops_ring, uniq_natasha
D:3:      minmay_bubble_buster, layout_loops_ring, mainiacjoe_overflow_chevrons,
          minivault_26, st_stairs_13
D:4:      due_chaos_kobolds, layout_basic, nicolae_overflow_crystal_walls,
          mainiacjoe_overflow_catwalk
D:5:      layout_loops_cross, nicolae_uskayaw_dance_hall, uniq_blork_the_orc
D:6:      layout_rooms, uniq_maggie, uniq_sigmund

Skill      XL: |  1  2  3  4  5  6 |
---------------+-------------------+-----
Evocations     | 5 |  5.0
Stealth        | 3 4 8 |  8.0
Spellcasting   | 1 3 4 |  4.0
Transmutations | 2 3 4 |  4.0
Fighting       | |  0.7
Short Blades   | |  0.4
Dodging        | |  3.2

Action                   |  1- 3 |  4- 6 |  7- 9 || total
-------------------------+-------+-------+-------++-------
Melee: Short sword       |    20 |       |       ||    20
       Club              |     7 |       |       ||     7
       Dagger            |    94 |   247 |       ||   341
       Punch             |       |     2 |       ||     2
 Fire: Sling             |       |    19 |       ||    19
Throw: Dart              |       |    24 |       ||    24
 Cast: Wereblood         |       |    21 |       ||    21
Evoke: Wand              |     7 |     9 |       ||    16
  Use: Scroll            |     8 |     6 |       ||    14
 Stab: Sleeping          |     6 |    10 |       ||    16
       Distracted        |     1 |     1 |       ||     2
       Invisible         |       |     1 |       ||     1
Armor: Robe              |     8 |    25 |       ||    33
Dodge: Dodged            |    74 |   179 |     1 ||   254
